 Dungeon Crawl Stone Soup version 0.28.0-1-gb440e238dd (webtiles) character file.

Game seed: 15810775018279761322

84 sanka the Conjurer (level 4, 30/30 HPs)
             Began as a Merfolk Conjurer on Feb 21, 2022.
             Was a Follower of Qazlal.
             Quit the game on level 2 of the Dungeon.
             The game lasted 00:04:59 (3014 turns).

sanka the Conjurer (Merfolk Conjurer)               Turns: 3014, Time: 00:05:00

Health: 30/30      AC:  3    Str: 13    XL:     4   Next: 46%
Magic:  7/7        EV: 12    Int: 17    God:    Qazlal [*.....]
Gold:   77         SH:  1    Dex: 14    Spells: 4/7 levels left

rFire   . . .      SeeInvis .   (no weapon)
rCold   . . .      Faith    .   (no shield)
rNeg    . . .      Spirit   .   a - +0 robe
rPois   .          Reflect  .   (no helmet)
rElec   .          Harm     .   (no cloak)
rCorr   .          Rampage  .   (no gloves)
Will    .....                   e - +0 pair of boots
Stlth   ++........              (no amulet)
HPRegen 0.10/turn               d - +6 ring of strength
MPRegen 0.10/turn               (no ring)

@: no status effects
A: (nimble swimmer 2), mertail
a: Renounce Religion


You were on level 2 of the Dungeon.
You worshipped Qazlal.
Qazlal was aware of your devotion.
You visited 1 branch of the dungeon, and saw 2 of its levels.

You collected 77 gold pieces.

Inventory:

Armour
 a - a +0 robe (worn)
 e - a +0 pair of boots (worn)
Jewellery
 d - a +6 ring of strength (left hand)
Scrolls
 b - a scroll of identify {unknown}
 f - a scroll of holy word {unknown}
 h - a scroll of silence {unknown}
Potions
 c - a potion of magic {unknown}
 g - a potion of haste {unknown}


   Skills:
 - Level 2.6 Dodging
 - Level 2.1 Stealth
 - Level 2.0 Spellcasting
 + Level 4.8 Conjurations


You had 4 spell levels left.
You knew the following spells:

 Your Spells              Type           Power      Damage    Failure   Level
a - Magic Dart            Conj           72%        1d6       2%          1
b - Searing Ray           Conj           36%        2d5       4%          2

Your spell library contained the following spells:

 Spells                   Type           Power      Damage    Failure   Level
 Dazzling Flash           Conj/Hex       18%        N/A       22%         3
 Fulminant Prism          Conj/Hex       4%         3d6       58%         4
 Iskenderun's Mystic Bla  Conj/Tloc      9%         2d4       58%         4


Dungeon Overview and Level Annotations

Branches:
Dungeon (2/15)

Altars:
Qazlal


Innate Abilities, Weirdness & Mutations

((You are very nimble when in or above water. (Stealth+, EV+, Speed+++)))
Your lower body shifts to a powerful aquatic tail in water.


Message History

There is a stone staircase leading up here.
A ball python comes into view.
A ball python is nearby!
The magic dart hits the ball python.
The ball python is severely wounded.
The ball python hisses angrily.
The magic dart hits the ball python.
You kill the ball python!
You can't see any susceptible monsters within range! (Use Z to cast anyway.)
You can't see any susceptible monsters within range! (Use Z to cast anyway.)
You start resting.
Magic restored.
There is an escape hatch in the floor here.
Found a stone staircase leading down.
There is a stone staircase leading down here.
Done exploring.
Done exploring.
Done exploring.
Search for what [Enter for "."]? .
Sorry, I don't know how to get there.
There is a fountain of clear blue water here.
You hit the plant.
The plant begins to die.
The plant is lightly damaged.
You hit the plant but do no damage.
The plant is lightly damaged.
You hit the plant.
The plant is lightly damaged.
You hit the plant.
The plant is lightly damaged.
A nearby plant withers and dies.
There is a faded altar of an unknown god here.
You cannot tell which god this altar belongs to.
Convert to them anyway?
Okay, then.
You cannot tell which god this altar belongs to.
Convert to them anyway?
Qazlal accepts your prayer! Qazlal welcomes you!
Qazlal grants you and your divine allies immunity to clouds.
You are now surrounded by a storm.
Done exploring.
Are you sure you want to abandon this character and quit the game? (Confirm with "yes".)

###################### #######
#.........##.......... ......#
#.⌠.⌠≈⌠≈≈..#.##....... ..###.####
#.P.....≈....##...#... #........#
#.≈.#.#.≈..#.###.##...
#####.##.###.≈.#.#.P........#....
# #.##.##..P.#@#.≈..#.######...
#####.##.##..≈.###.P..#.# #..#
.............≈.P...≈..#.######..#
###.#.###.#..⌠≈⌠≈⌠≈⌠..#.........#
#.#.# #.#..........##########'# #
#.#.# #.#.######.### ##...
###.#.# #.#.# #.#### ##....
.##.#.###.#.######.##.## ##.....
..#.........##.........####......


There were no monsters in sight!

Vanquished Creatures
  An iguana (D:2)
  An adder (D:2)
  2 worms (D:2)
  4 dart slugs
  5 endoplasms
  A giant cockroach (D:1)
  4 goblins
  3 hobgoblins
  2 kobolds
  A quokka (D:2)
  2 ball pythons
  2 bats (D:2)
  4 frilled lizards
  4 rats
36 creatures vanquished.

Vanquished Creatures (others)
  2 plants (D:2)
2 creatures vanquished.

Grand Total: 38 creatures vanquished

Notes
Turn   | Place    | Note
-------+----------+-------------------------------------------
     0 | D:1      | sanka the Merfolk Conjurer began the quest for the Orb.
     0 | D:1      | Reached XP level 1. HP: 13/13 MP: 3/3
   412 | D:1      | Reached XP level 2. HP: 18/19 MP: 1/5
   567 | D:1      | Learned a level 2 spell: Searing Ray
   937 | D:1      | Reached skill level 4 in Conjurations
  1187 | D:1      | Reached XP level 3. HP: 24/24 MP: 3/6
  1869 | D:2      | Found a faded altar of an unknown god.
  1962 | D:2      | Reached XP level 4. HP: 15/30 MP: 0/7
  3013 | D:2      | Prayed at the altar of an unknown god.
  3013 | D:2      | Became a worshipper of Qazlal Stormbringer
  3013 | D:2      | Reached * piety under Qazlal
  3014 | D:2      | Quit the game

Illustrated notes

Levels and vault maps discovered:
D:1:      dpeg_arrival_arbitrary_b, layout_basic
D:2:      layout_loops_corners, shapermc_ecumenical_altar_acropolis,
          serial_bayou_lagoon_b

Skill      XL: |  1  2 |
---------------+-------+-----
Conjurations   | 4 |  4.8
Dodging        | |  2.6
Stealth        | |  2.1
Spellcasting   | |  2.0

Action                   |  1- 3 |  4- 6 || total
-------------------------+-------+-------++-------
Melee: Unarmed           |    13 |    19 ||    32
 Cast: Magic Dart        |    56 |    30 ||    86
       Searing Ray       |     5 |       ||     5
Armor: Robe              |     2 |     3 ||     5
Dodge: Dodged            |     8 |    16 ||    24
